 Dungeon Sprint DCSS version 0.30-a0-605-gb2882149bf (webtiles) character file.

Game seed: 4407474557404201470

4372 mhtbhm the Brawler (level 10, -1/112 HPs)
             Began as a Troll Transmuter on Jan 7, 2023.
             Was an Initiate of Gozag.
             Slain by a sea snake (16 damage)
             ... in the Dungeon (Sprint VII: "The Pits").
             The game lasted 00:03:05 (1130 turns).

mhtbhm the Brawler (Troll Transmuter)               Turns: 1130, Time: 00:03:05

Health: -1/112     AC:  9    Str: 24    XL:     10   Next: 13%
Magic:  14/19      EV: 12    Int: 12    God:    Gozag
Gold:   1271       SH:  0    Dex: 10    Spells: 12/22 levels left

rFire   x . .      SeeInvis .      - Unarmed
rCold   + + +      Faith    .    (shield currently unavailable)
rNeg    + . .      Spirit   .    (body armour currently unavailable)
rPois   +          Reflect  .    (helmet currently unavailable)
rElec   .          Harm     .    (cloak currently unavailable)
rCorr   .          Rampage  .    (gloves unavailable)
Will    .....      NoTele   +    (boots unavailable)
Stlth   ++                       p - macabre finger necklace {rN+}
HPRegen 1.18/turn                l - +3 ring of protection
MPRegen 0.16/turn                m - +3 ring of intelligence
                                 (no ring)

@: ice-form, wereblooded (expiring)
A: freezing attack, amphibious, boosted hp, large, unfitting armour, (claws 3),
regeneration 1, (shaggy fur 1), (tough skin 1)
a: End Transformation, Renounce Religion, Potion Petition, Call Merchant, Bribe
Branch


You were in the Dungeon.
You worshipped Gozag.
Gozag was most pleased with you.
You were a creature of crystalline ice.
You visited 1 branch You collected 3168 gold pieces.
You spent 1400 gold pieces at shops.
You paid 497 gold pieces to Gozag.

Inventory:

Armour
 a - a +0 robe (melded)
Jewellery
 l - a +3 ring of protection (left front paw)
 m - a +3 ring of intelligence (right front paw)
 p - the macabre finger necklace (around neck) {rN+}
   (You bought it in a shop in the Dungeon)

   [amulet of nothing]

   It enables you to equip an extra ring.
   rN:        It protects you from negative energy.
Scrolls
 j - 5 scrolls of amnesia
Potions
 b - a potion of lignification
 c - 6 potions of curing
 e - a potion of haste
 f - 4 potions of magic
 g - 5 potions of berserk rage
 i - 2 potions of invisibility
 n - a potion of brilliance
 o - a potion of resistance


   Skills:
 + Level 4.4 Fighting
 + Level 8.3 Dodging
 + Level 2.4 Stealth
 + Level 15.6 Unarmed Combat
 + Level 6.8 Spellcasting
 + Level 7.0 Transmutations
 + Level 2.7 Ice Magic


You had 12 spell levels left.
You knew the following spells:

 Your Spells              Type           Power      Damage    Failure   Level
a - Beastly Appendage     Tmut           42%        N/A       1%          1
b - Wereblood             Tmut           21%        N/A       1%          2
c - Spider Form           Tmut/Pois      12%        N/A       12%         3
d - Ice Form              Ice/Tmut       15%        N/A       22%         4

Your spell library contained the following spells:

 Spells                   Type           Power      Damage    Failure   Level


Dungeon Overview and Level Annotations

Branches:
Dungeon (1/1)

Altars:
Ashenzari
Cheibriados
Dithmenos
Elyvilon
Fedhas
Gozag
Hepliaklqana
Kikubaaqudgha
Makhleb
Nemelex Xobeh
Okawaru
Qazlal
Ru
Sif Muna
Trog
Uskayaw
Vehumet
Wu Jian
Xom
Yredelemnul
Zin
The Shining One
Jiyva
Lugonu

Shops:
D *


Innate Abilities, Weirdness & Mutations

You are a creature of crystalline ice.
You have a powerful freezing melee attack.
You are amphibious.
Your maximum health is increased.
Your armour is entirely melded.
You are incapable of wielding weapons or throwing items.
You are too large for most types of armour.
((You have claws for hands.))
Your natural rate of healing is unusually fast.
((You are covered in fur. (AC +1)))
((You have tough skin. (AC +1)))


Message History

You howl as the wereblood boils in your veins!
The boulder beetle leaps!
The sea snake bites you but does no damage.
The boulder beetle curls into a ball and begins rolling!
The mummy closely misses you.
You see here 171 gold pieces.
You barely miss the sea snake. The sea snake bites you!
You punch the sea snake!
The sea snake seems to slow down.
You freeze the sea snake!
The sea snake is moderately wounded.
The mummy hits you!
* * * LOW HITPOINT WARNING * * *
The sea snake bites you.
* * * LOW HITPOINT WARNING * * *
There is an open door here.
The boulder beetle attacks as you move away!
The boulder beetle barely misses you.
The boulder beetle stops rolling and uncurls.
The boulder beetle curls into a ball and begins rolling!
You punch the sea snake!
The sea snake seems to slow down.
You freeze the sea snake.
The sea snake is severely wounded.
The boulder beetle is distracted by your dazzling golden aura.
You barely miss the sea snake.
The sea snake is severely wounded.
The sea snake bites you!!
* * * LOW HITPOINT WARNING * * *
Unknown command.
You feel better.
You howl as the wereblood boils in your veins!
The boulder beetle is no longer distracted by gold.
The sea snake is no longer moving slowly.
The boulder beetle stops rolling and uncurls.
The sea snake bites you!
* * * LOW HITPOINT WARNING * * *
You feel better.
Your primal bloodlust is almost over.
The sea snake bites you!
You die...
Your body crumbles into a pile of gold.

...............+
...............+
.....#..#∩.....#
...............#
##'#####')######
......##''# ########
......##))# #..B$..#
......##.)# #..#S#○......
..<...##..##..##Y##B....#
......##))##.##...##°°.##
......##..####.....##.##
......##...##......# ..#
########....)......+ .+
########...##......# #
.#..[[##..####.....#
.#..[[##..# ##...##
.'..))##..# ##.##


You could see a boulder beetle and a sea snake.

Vanquished Creatures
  A sea snake (D)
  2 orc knights (D)
  A molten gargoyle (D)
  A gargoyle (D)
  A freezing wraith (D)
  A tarantella (D)
  A snapping turtle (D)
  A wyvern (D)
  A steam dragon (D)
  Menkaure (D)
  2 wargs (D)
  A sky beast (D)
  A floating eye (D)
  2 orc warriors (D)
  A black bear (D)
  A wolf (D)
  A necrophage (D)
  4 killer bees (D)
  A quasit (D)
  3 orc priests (D)
  An iron imp (D)
  3 orc wizards (D)
  Terence (D)
  A gnoll (D)
  8 orcs (D)
  2 ball pythons (D)
  A bat (D)
  A giant cockroach (D)
  A goblin (D)
  A hobgoblin (D)
  4 jackals (D)
  A quokka (D)
  2 frilled lizards (D)
55 creatures vanquished.

Vanquished Creatures (collateral kills)
  An orc warrior (D)
1 creature vanquished.

Grand Total: 56 creatures vanquished

Notes
Turn   | Place    | Note
-------+----------+-------------------------------------------
     0 | D        | mhtbhm the Troll Transmuter began the quest for the Orb.
     0 | D        | Reached XP level 1. HP: 18/18 MP: 1/1
    26 | D        | Found a bloodstained altar of Trog.
    26 | D        | Found a shimmering blue altar of Sif Muna.
    26 | D        | Found a viscous altar of Jiyva.
    26 | D        | Found a hazy altar of Hepliaklqana.
    26 | D        | Found an opulent altar of Gozag.
    27 | D        | Found a glowing golden altar of the Shining One.
    27 | D        | Found a glowing silver altar of Zin.
    27 | D        | Found a basalt altar of Yredelemnul.
    27 | D        | Found a shimmering altar of Xom.
    27 | D        | Found an ornate altar of the Wu Jian Council.
    27 | D        | Found a sacrificial altar of Ru.
    27 | D        | Found a stormy altar of Qazlal.
    27 | D        | Found an iron altar of Okawaru.
    27 | D        | Found a sparkling altar of Nemelex Xobeh.
    27 | D        | Found a burning altar of Makhleb.
    27 | D        | Found a blossoming altar of Fedhas.
    27 | D        | Found a white marble altar of Elyvilon.
    27 | D        | Found a shadowy altar of Dithmenos.
    27 | D        | Found a snail-covered altar of Cheibriados.
    29 | D        | Found a radiant altar of Vehumet.
    29 | D        | Found a corrupted altar of Lugonu.
    30 | D        | Found a hide-covered altar of Uskayaw.
    30 | D        | Found an ancient bone altar of Kikubaaqudgha.
    30 | D        | Found a broken altar of Ashenzari.
    34 | D        | Became a worshipper of Gozag Ym Sagoz the Greedy
    78 | D        | Reached skill level 4 in Unarmed Combat
    79 | D        | Reached XP level 2. HP: 26/26 MP: 1/3
   198 | D        | Learned a level 2 spell: Wereblood
   226 | D        | Noticed a floating eye
   229 | D        | Paralysed by a floating eye for 4 turns
   234 | D        | Killed a floating eye
   235 | D        | Reached skill level 1 in Fighting
   235 | D        | Reached skill level 6 in Unarmed Combat
   235 | D        | Reached XP level 3. HP: 33/33 MP: 0/5
   235 | D        | Reached XP level 4. HP: 41/41 MP: 0/6
   236 | D        | Reached skill level 7 in Unarmed Combat
   293 | D        | Learned a level 3 spell: Spider Form
   319 | D        | Noticed a sky beast
   326 | D        | Killed a sky beast
   327 | D        | Reached skill level 8 in Unarmed Combat
   327 | D        | Reached XP level 5. HP: 42/49 MP: 4/8
   402 | D        | Noticed a black bear
   408 | D        | Reached skill level 9 in Unarmed Combat
   411 | D        | Reached XP level 6. HP: 37/57 MP: 6/10
   412 | D        | Reached skill level 10 in Unarmed Combat
   413 | D        | Reached skill level 5 in Dodging
   467 | D        | Noticed a tarantella
   477 | D        | Killed a tarantella
   478 | D        | Reached skill level 11 in Unarmed Combat
   478 | D        | Reached XP level 7. HP: 40/66 MP: 8/12
   480 | D        | Noticed Terence
   487 | D        | Reached skill level 1 in Stealth
   488 | D        | Killed Terence
   637 | D        | Learned a level 4 spell: Ice Form
   708 | D        | Noticed a freezing wraith
   713 | D        | Reached skill level 5 in Transmutations
   719 | D        | Reached skill level 12 in Unarmed Combat
   724 | D        | Reached XP level 8. HP: 75/75 MP: 8/14
   730 | D        | Killed a freezing wraith
   731 | D        | Reached skill level 5 in Spellcasting
   832 | D        | Bought the macabre finger necklace {rN+} for 1400 gold
                  | pieces
   832 | D        | Found the macabre finger necklace {rN+}
   872 | D        | Noticed Menkaure
   873 | D        | Noticed a molten gargoyle
   873 | D        | Noticed an orc knight
   880 | D        | Reached skill level 13 in Unarmed Combat
   882 | D        | Killed Menkaure
   883 | D        | Reached skill level 1 in Ice Magic
   889 | D        | Killed an orc knight
   890 | D        | Reached XP level 9. HP: 84/84 MP: 10/16
   892 | D        | Killed a molten gargoyle
   893 | D        | Reached skill level 14 in Unarmed Combat
   925 | D        | Noticed a gargoyle
   925 | D        | Noticed an orc knight
   933 | D        | Killed a gargoyle
   939 | D        | HP: 1/84 [orc knight/bolt (23)]
   950 | D        | Killed an orc knight
   961 | D        | Reached skill level 15 in Unarmed Combat
  1111 | D        | Noticed a sea snake
  1111 | D        | Noticed a sea snake
  1114 | D        | Killed a sea snake
  1115 | D        | Reached XP level 10. HP: 60/94 MP: 11/19
  1115 | D        | Noticed a boulder beetle
  1129 | D        | HP: 4/112 [sea snake (13)]
  1130 | D        | Slain by a sea snake

Illustrated notes

Levels and vault maps discovered:
D:        pitsprint [storerooms_1, entrance_room_1, metal_vault_3, armoury_2,
          mini_pit_1, grid_room_1, main_hall_1, silver_pit, the_coven_2,
          the_vestibule_1, steel_vault_4, golden_pit, hallway_of_sentries,
          crystal_vault_2, iron_vault_1, final_vault]

Skill      XL: |  1  2  3  4  5  6  7  8  9 |
---------------+----------------------------+-----
Dodging        | 2 3 4 5 6 7 8 |  8.3
Unarmed Combat | 4 6 8 9 11 12 13 15 | 15.6
Fighting       | 1 2 3 4 |  4.4
Spellcasting   | 2 3 4 5 6 |  6.8
Transmutations | 2 3 4 5 7 |  7.0
Stealth        | 1 2 |  2.4
Ice Magic      | 1 2 |  2.7

Action                   |  1- 3 |  4- 6 |  7- 9 | 10-12 || total
-------------------------+-------+-------+-------+-------++-------
Melee: Unarmed           |    23 |    40 |    66 |     9 ||   138
       Punch             |     1 |     1 |     2 |       ||     4
       Kick              |       |     5 |     3 |       ||     8
       Headbutt          |       |     3 |     4 |       ||     7
 Cast: Wereblood         |     1 |     3 |     5 |       ||     9
       Beastly Appendage |       |     3 |     1 |       ||     4
       Ice Form          |       |       |     4 |       ||     4
Invok: Call Merchant     |       |       |     1 |       ||     1
  Use: Potion            |       |     2 |     8 |     3 ||    13
       Scroll            |       |       |     2 |       ||     2
 Stab: Distracted        |       |     1 |       |       ||     1
Armor: Robe              |     7 |    11 |       |       ||    18
       Skin              |       |       |     9 |     2 ||    11
Dodge: Dodged            |    15 |    21 |    34 |     6 ||    76

Table legend: (Time is in decaauts)
 A = Elapsed time spent in this place.
 B = Non-inter-level travel time spent in this place.
 C = Inter-level travel time spent in this place.
 D = Time resting spent in this place.
 E = Time spent auto-exploring this place.
 F = Levels seen in this place.
 G = Mean time per level.
                   A        B        C        D        E       F      G
               +--------+--------+--------+--------+--------+-----+--------+
         Total |   1113 |   1113 |      0 |    521 |     41 |   1 | 1113.0 |
       Dungeon |   1113 |   1113 |      0 |    521 |     41 |   1 | 1113.0 |
               +--------+--------+--------+--------+--------+-----+--------+

Top non-repeatable levels by time:
       D: 1113 daAuts
